 Dungeon Crawl Stone Soup version 0.32-a0-42-ga30500b4d3 (webtiles) character file.

Game seed: 14197283007073809918

117 kae the Changeling (level 4, 0/34 HPs)
             Began as a Demonspawn Shapeshifter on Feb 1, 2024.
             Hit by a stone thrown by a gnoll (4 damage)
             ... on level 3 of the Dungeon.
             The game lasted 00:02:21 (2086 turns).

kae the Changeling (Demonspawn Shapeshifter)        Turns: 2086, Time: 00:02:21

Health: 0/34       AC:  2    Str: 15    XL:     4   Next: 71%
Magic:  4/4        EV: 12    Int: 10    God:
Gold:   234        SH:  0    Dex: 14    Spells: 3/3 levels left

rFire   . .          .
                       - Unarmed
rCold   . . .        (no shield)
rNeg    . . .        a - +0 animal skin
rPois   .            (helmet currently unavailable)
rElec   .            (cloak currently unavailable)
rCorr   .            (gloves currently unavailable)
SInv    .            (boots currently unavailable)
Will    .....        (no amulet)
Stlth   +            (no ring)
HPRegen 0.25/turn    (no ring)
MPRegen 0.09/turn

%: no passive effects
@: beast-form
A: beast (slay +2), powered by death 1, weakness stinger 1, demonic touch 1
a: Begin Untransformation


You were on level 3 of the Dungeon.
You were a hulking beast.
You visited 1 branch of the dungeon, and saw 3 of its levels.

You collected 234 gold pieces.


Innate Abilities, Weirdness & Mutations

You are a hulking beast.
Your limbs bulge with bestial killing power. (Slay +2)
You regenerate a little health from kills.
You have a small tail.
Your touch may inflict minor irresistible damage on your foes.


   Skills:
 + Level 2.3 Fighting
 - Level 1.7 Dodging
 + Level 3.4 Unarmed Combat
 * Level 3.8 Shapeshifting


You had 3 spell levels left.
You didn't know any spells.
Your spell library contained the following spells:

 Spells                   Type           Power      Damage    Failure   Level
 Static Discharge         Conj/Air       0%         3-3/arc   50%         2
 Gell's Gravitas          Tloc           0%         N/A       75%         3
 Teleport Other           Tloc           0%         N/A       75%         3
 Airstrike                Air            0%         2d(0-16)  98%         4
 Summon Lightning Spire   Summ/Air       0%         N/A       98%         4
 Dispersal                Tloc           0%         N/A       100%        6

Inventory:

Missiles
 g - 12 stones (quivered)
 j - 7 poisoned darts
Armour
 a - a +0 animal skin (worn)
Talismans
 c - a beast talisman
 d - a flux talisman
Potions
 e - 2 potions of might {unknown}
 h - a potion of mutation {unknown}
 i - a potion of resistance {unknown}
 l - 3 potions of brilliance {unknown}

Dungeon Overview and Level Annotations

Branches:
Dungeon (3/15) Zot: 15937

Altars:
Dithmenos
Fedhas

Annotations:
D:2 Crazy Yiuf

#.########......##.## # #.#
#.#######.## # #.# #.# #.## # #.#
##+## #.## # ####.# ##...## #.##
#### #....# ##.....## #... ...#
#.#.## ##.......## ###.
##.#######....####.........####..
..............g.hg..<......'.....
##.#######....####.........####..
##.# #.......## ##.......## ##.
#.# #.#####.### ##.....## ## ##.#
#.# #...# ##...## # ...# #.#
#.#.# ##+## # .### #.# #.#.# #.#
.# #.#####.#.# #.# .#
#>........#######.###


You could see 2 gnolls.


Message History

You enter the shallow water.
Moving in this stuff is going to be slow.
The gnoll splashes around in the water.
You see here a +0 club. 😕 HP[+1]
You now have 34 max hp (+1).
You hit the gnoll.
The gnoll splashes around in the water.
The gnoll closely misses you.
Your unstable footing causes you to fumble your attack.
A frilled lizard comes into view.
The gnoll barely misses you. x2 😕 HP[+1]
The gnoll throws a throwing net.
The throwing net hits you.
You become entangled in the net!
You see here a throwing net {=f!f}.
You tear a large gash into the net.
The gnoll hits you with a +0 flail.
An orc comes into view. It is wielding a +0 hand axe. 😕 HP[-4]
You take 4 damage, and now have 29/34 hp.
Unknown command.
You struggle against the net.
The gnoll barely misses you. 😕 HP[+1] Unknown command.
You rip the net and break free!
The gnoll closely misses you.
The gnoll splashes around in the water.
You barely miss the gnoll.
The orc shouts!
You tail-slap the gnoll. Your touch misses the gnoll.
The gnoll hits you with a +0 flail.
The gnoll hits you with a +0 quarterstaff!
* * * LOW HITPOINT WARNING * * *
😨 HP[-17]
You take 17 damage, and now have 13/34 hp.
MASSIVE DAMAGE!! (PAUSE)
You aren't carrying any scrolls.
Unknown command.
You feel yourself speed up. The gnoll hits you with a +0 flail.
* * * LOW HITPOINT WARNING * * *
The gnoll hits you with a +0 quarterstaff.
* * * LOW HITPOINT WARNING * * *
😨 HP[-3]
You take 3 damage, and now have 10/34 hp.
Unknown command.
You enter the shallow water.
Moving in this stuff is going to be slow.
The gnoll attacks as it pursues you!
The gnoll barely misses you. 😨 HP[+1] Unknown command.
The gnoll throws a throwing net.
The throwing net hits you.
You become entangled in the net!
You see here a throwing net {=f!f}.
You struggle against the net. 😨 HP[+1]
You tear a large gash into the net.
You struggle against the net.
Unknown command.
You rip the net and break free!
The gnoll throws a stone.
The stone hits you.
* * * LOW HITPOINT WARNING * * *
You see here a +0 chain mail. 😨 HP[-1]
You take 1 damage, and now have 11/34 hp.
The gnoll throws a stone.
The stone hits you.
* * * LOW HITPOINT WARNING * * *
😨 HP[+1] 😨 HP[+1] 😨 HP[+1]
There is a shaft here. 😨 HP[+1] 😨 HP[+1]
Your extra speed is starting to run out.
You feel yourself slow down.
There is an open door here.
There is a stone staircase leading up here. 😮 HP[+5]
You regained 5 hp, and now have 21/34 hp.
You start resting.
A gnoll is nearby! 😮 HP[+3]
You regained 3 hp, and now have 24/34 hp.
A gnoll is nearby! 😮 HP[+1]
There is a stone staircase leading up here. 😕 HP[+1]
The gnoll shouts!
The gnoll misses you.
There is an open door here.
The gnoll attacks as it pursues you! The gnoll closely misses you.
Unknown command.
You hit the gnoll. The gnoll barely misses you.
You hit the gnoll.
The gnoll hits you with a +0 quarterstaff! 😮 HP[-8]
You take 8 damage, and now have 18/34 hp.
MASSIVE DAMAGE!! (PAUSE)
You hit the gnoll.
The gnoll hits you with a +0 quarterstaff!
* * * LOW HITPOINT WARNING * * *
The gnoll throws a stone.
The stone hits you.
You die...

Skill      XL: |  1  2  3 |
---------------+----------+-----
Shapeshifting  | 3 |  3.8
Unarmed Combat | 3 |  3.4
Fighting       | 2 |  2.3
Dodging        | |  1.7

Action                     |  1- 3 |  4- 6 || total
---------------------------+-------+-------++-------
  Melee: Unarmed           |    77 |    49 ||   126
         Touch             |    11 |     5 ||    16
         Punch             |     1 |       ||     1
         Tailslap          |       |     2 ||     2
    Use: Scroll            |     5 |       ||     5
         Potion            |     1 |     1 ||     2
   Stab: Sleeping          |     1 |       ||     1
 Armour: Animal skin       |    36 |    24 ||    60
         Skin              |    21 |    21 ||    42
  Dodge: Dodged            |    50 |    35 ||    85

Levels and vault maps discovered:
D:1:      onia_arrival_zoo_common, layout_rooms
D:2:      minmay_diamond_boxcup, layout_basic, ebering_ecumenical_altar_mist,
          uniq_crazy_yiuf_cottage, uniq_robin
D:3:      layout_loops_corners, nicolae_hepliaklqana_hippocampus,
          cheibriados_altar_1, mainiacjoe_overflow_alcove_2,
          amcnicky_altar_gilded, fedhas_ov_isle_minmay, serial_rivers,
          chequers_serial_rivers_large_a, chequers_serial_rivers_small_a,
          chequers_serial_rivers_micro_e, chequers_serial_rivers_micro_d

Notes
Turn   | Place    | Note
-------+----------+-------------------------------------------
     0 | D:1      | kae the Demonspawn Shapeshifter began the quest for the
                  | Orb.
     0 | D:1      | Reached XP level 1. HP: 15/15 MP: 1/1
     0 | D:1      | magus.rc [v1.11.3]
     6 | D:1      | Noticed a brain worm
     6 | D:1      | Noticed a hog
     6 | D:1      | Noticed a black mamba
     7 | D:1      | Noticed a wyvern
     7 | D:1      | Noticed a black bear
    62 | D:1      | You pick up a book of Storms and begin reading...
    62 | D:1      | You add the spells Static Discharge, Airstrike and Summon
                  | Lightning Spire to your library.
   444 | D:2      | You feel monstrous as your demonic heritage exerts itself.
   444 | D:2      | Discovered your monstrous ancestry.
   444 | D:2      | Gained mutation: Your touch may inflict minor irresistible
                  | damage on your foes. [demonic ancestry]
   444 | D:2      | Reached XP level 2. HP: 18/21 MP: 2/2
   497 | D:2      | Reached skill level 3 in Shapeshifting
   684 | D:2      | Reached skill level 3 in Unarmed Combat
   836 | D:2      | Gained mutation: You regenerate a little health from kills.
                  | [demonic ancestry]
   836 | D:2      | Reached XP level 3. HP: 23/27 MP: 3/3
   873 | D:2      | Found a runed translucent door.
   874 | D:2      | Noticed Crazy Yiuf
   898 | D:2      | Found a faded altar of an unknown god.
  1192 | D:2      | Noticed Robin
  1199 | D:2      | Killed Robin
  1200 | D:2      | Reached skill level 2 in Fighting
  1201 | D:2      | Gained mutation: You have a small tail. [demonic ancestry]
  1201 | D:2      | Reached XP level 4. HP: 33/33 MP: 4/4
  1516 | D:3      | You add the spells Gell's Gravitas, Teleport Other and
                  | Dispersal to your library.
  1668 | D:3      | Found a blossoming altar of Fedhas.
  1781 | D:3      | Found a shadowy altar of Dithmenos.
  2086 | D:3      | HP: 4/34 [gnoll/+0 quarterstaff (14)]
  2086 | D:3      | Hit by a stone thrown by a gnoll

Vanquished Creatures
  Robin (D:2)
  2 gnolls (D:3)
  3 adders (D:2)
  2 dart slugs (D:2)
  A ribbon worm (D:2)
  6 bats
  6 endoplasms
  14 goblins (D:2)
  6 hobgoblins
  A quokka (D:3)
  2 ball pythons (D:2)
  A frilled lizard (D:2)
  A kobold (D:2)
  2 rats (D:2)
48 creatures vanquished.

Table legend:
 A = Non-vault XP
 B = Vault XP
 C = Vault XP percentage of total XP
 D = Non-vault monster count
 E = Vault monster count
 F = Vault count percentage of total count
                 A         B        C        D         E       F
            +---------+---------+-------+---------+---------+-------
      Total |     109 |      59 |  35.1 |      30 |      18 |  37.5
            +---------+---------+-------+---------+---------+-------
        D:1 |       9 |       0 |   0.0 |       5 |       0 |   0.0
        D:2 |      65 |      59 |  47.6 |      20 |      18 |  47.4
        D:3 |      35 |       0 |   0.0 |       5 |       0 |   0.0
            +---------+---------+-------+---------+---------+-------

Skill      XL: |  1  2  3 |
---------------+----------+-----
Shapeshifting  | 3 |  3.8
Unarmed Combat | 3 |  3.4
Fighting       | 2 |  2.3
Dodging        | |  1.7

Action                     |  1- 3 |  4- 6 || total
---------------------------+-------+-------++-------
  Melee: Unarmed           |    77 |    49 ||   126
         Touch             |    11 |     5 ||    16
         Punch             |     1 |       ||     1
         Tailslap          |       |     2 ||     2
    Use: Scroll            |     5 |       ||     5
         Potion            |     1 |     1 ||     2
   Stab: Sleeping          |     1 |       ||     1
 Armour: Animal skin       |    36 |    24 ||    60
         Skin              |    21 |    21 ||    42
  Dodge: Dodged            |    50 |    35 ||    85

Illustrated notes

Table legend:
 A = Kills in this place as a percentage of kills in the entire game.
 B = Kills by you in this place as a percentage of kills by you in the entire game.
 C = Kills by friends in this place as a percentage of kills by friends in the entire game.
 D = Other kills in this place as a percentage of other kills in the entire game.
 E = Experience gained in this place as a percentage of experience gained in the entire game.
 F = Experience gained in this place divided by the number of levels of this place that you have seen.
                   A       B       C       D       E      F
               +-------+-------+-------+-------+-------+----------------------
         Total | 100.0 | 100.0 |   N/A |   N/A | 100.0 |  56.0
       Dungeon | 100.0 | 100.0 |   N/A |   N/A | 100.0 |  56.0
               +-------+-------+-------+-------+-------+----------------------

Table legend: (Time is in decaauts)
 A = Elapsed time spent in this place.
 B = Non-inter-level travel time spent in this place.
 C = Inter-level travel time spent in this place.
 D = Time resting spent in this place.
 E = Time spent auto-exploring this place.
 F = Levels seen in this place.
 G = Mean time per level.
                   A        B        C        D        E       F      G
               +--------+--------+--------+--------+--------+-----+--------+
         Total |   2062 |   2029 |     33 |    113 |   1559 |   3 |  687.3 |
       Dungeon |   2062 |   2029 |     33 |    113 |   1559 |   3 |  687.3 |
               +--------+--------+--------+--------+--------+-----+--------+

Top non-repeatable levels by time:
     D:2: 1076 daAuts
     D:3: 558 daAuts
     D:1: 426 daAuts
